 Dungeon Crawl Stone Soup version 0.29.0-15-g675c0067aa (webtiles) character file.

Game seed: 18208090941320776699

119 flotson the Sneak (level 4, -4/35 HPs)
             Began as a Demonspawn Delver on Sept 11, 2022.
             Slain by Sigmund
             ... wielding a +0 scythe
              (9 damage)
             ... on level 3 of the Dungeon.
             The game lasted 00:05:15 (3421 turns).

flotson the Sneak (Demonspawn Delver)               Turns: 3421, Time: 00:05:15

Health: -4/35      AC:  3    Str: 15    XL:     4   Next: 73%
Magic:  4/4        EV: 12    Int: 11    God:
Gold:   155        SH:  0    Dex: 20    Spells: 3/3 levels left

rFire   . . .      SeeInvis .   a - +0 halberd
rCold   . . .      Faith    .   (shield currently unavailable)
rNeg    . . .      Spirit   .   o - +0 leather armour
rPois   .          Reflect  .   (no helmet)
rElec   .          Harm     .   (no cloak)
rCorr   +          Rampage  .   (no gloves)
Will    .....                   (no boots)
Stlth   +++.......              (no amulet)
HPRegen 0.11/turn               s - +6 ring of dexterity
MPRegen 0.09/turn               u - ring of resist corrosion

@: mighty
A: powered by death 1, weakness stinger 1
a: no special abilities


You were on level 3 of the Dungeon.
You visited 1 branch of the dungeon, and saw 5 of its levels.

You collected 155 gold pieces.

Inventory:

Hand Weapons
 a - a +0 halberd (weapon)
 b - a +0 sling
 i - a +0 hand axe
 x - a +0 flail
Missiles
 j - 11 poisoned darts (quivered)
Armour
 o - a +0 leather armour (worn)
Jewellery
 s - a +6 ring of dexterity (left hand)
 u - a ring of resist corrosion (right hand)
Wands
 g - a wand of digging (3)
Scrolls
 c - a scroll of fog
 d - 2 scrolls of magic mapping
 e - 2 scrolls of fear
 h - 2 scrolls of enchant weapon {unknown}
 k - 5 scrolls of amnesia {unknown}
 l - a scroll of teleportation {unknown}
 n - 2 scrolls of noise {unknown}
 t - 4 scrolls of identify {unknown}
 v - 2 scrolls of poison {unknown}
 y - a scroll of blinking {unknown}
Potions
 m - a potion of flight {unknown}
 q - a potion of resistance {unknown}
 r - a potion of magic {unknown}
 w - a potion of lignification {unknown}


   Skills:
 + Level 3.4 Fighting
 + Level 2.2 Axes
 + Level 1.0 Throwing
 + Level 1.1 Armour
 + Level 2.3 Dodging
 * Level 5.1 Stealth
 + Level 1.1 Evocations


You had 3 spell levels left.
You didn't know any spells.
Your spell library contained the following spells:

 Spells                   Type           Power      Damage    Failure   Level
 Apportation              Tloc           0%         N/A       41%         1
 Blink                    Tloc           0%         N/A       54%         2
 Alistair's Intoxication  Tmut/Pois      0%         N/A       100%        5
 Manifold Assault         Tloc           0%         N/A       100%        5
 Storm Form               Tmut/Air       0%         N/A       100%        7


Dungeon Overview and Level Annotations

Branches:
Dungeon (5/15)
 Temple: D:4-7

Altars:
Fedhas
Okawaru
Wu Jian

Annotations:
D:3 Sigmund


Innate Abilities, Weirdness & Mutations

You regenerate a little health from kills.
You have a small tail.


Message History

You start resting.
HP restored.
There is a stone staircase leading up here.
There is a stone staircase leading up here.
Found a stone.
You see here a poisoned dart.
You see here a poisoned dart.
Okay, then.
Unknown command.
You feel very mighty all of a sudden.
Sigmund shouts!
Sigmund points at you and mumbles some strange words.
The magic dart hits you.
Sigmund zaps a wand.
The roots erupt in riotous growth!
The grasping roots grab you! The grasping roots constrict you.
You escape the roots grasp.
Sigmund casts a spell.
Sigmund flickers and vanishes!
No target in view!
No target in view!
No target in view!
No target in view!
No target in view!
No target in view!
You hear a zap.
The roots erupt in riotous growth!
The grasping roots grab you!
You are constricted.
You closely miss something. You tail-slap something! Something hits you.
You are constricted.
You hit something.
You hear some strange, mumbled words.
A puff of flame appears from out of thin air!
The puff of flame hits you!
You are constricted.
The grasping roots release their grip on you.
You barely miss something.
Your tail-slap misses something.
Something hits you.
* * * LOW HITPOINT WARNING * * *
You closely miss something. Something hits you!
You die...

#......((......# #........#
#......##.#(#### #........#
#......#.....# #........##
#......#.....#### #..........
#..(..(#........# #........##
##..(...#....>##.### #........##
#.............##...##############
...######.....#.........#########
..## #.....#.@..<.............
### #######.{.......######### #
#.....)....# ##..........#
#...##.##...# #...#...#...#
#...........# #....._.....#
#..........##


There were no monsters in sight!

Vanquished Creatures
  3 gnolls (D:2)
  2 adders (D:2)
  An orc (D:3)
  5 ball pythons
  4 bats
  9 endoplasms
  2 giant cockroaches
  8 goblins
  A hobgoblin (D:3)
  10 jackals
  6 quokkas
  A frilled lizard (D:1)
  7 kobolds
  3 rats (D:2)
62 creatures vanquished.

Notes
Turn   | Place    | Note
-------+----------+-------------------------------------------
     0 | D:5      | flotson the Demonspawn Delver began the quest for the Orb.
     0 | D:5      | Reached XP level 1. HP: 18/18 MP: 1/1
    22 | D:4      | Noticed an iguana
   366 | D:3      | Noticed Sigmund
   378 | D:3      | Found an iron altar of Okawaru.
   542 | D:1      | Gained mutation: You have a small tail. [demonic ancestry]
   542 | D:1      | Reached XP level 2. HP: 21/24 MP: 2/2
   925 | D:1      | Reached XP level 3. HP: 17/29 MP: 3/3
  1095 | D:1      | Found a faded altar of an unknown god.
  1818 | D:2      | HP: 1/29 [poisoned by an adder]
  2060 | D:2      | Gained mutation: You regenerate a little health from kills.
                  | [demonic ancestry]
  2060 | D:2      | Reached XP level 4. HP: 33/35 MP: 4/4
  2204 | D:2      | Found a blossoming altar of Fedhas.
  2229 | D:2      | Reached skill level 1 in Armour
  2229 | D:2      | Reached skill level 5 in Stealth
  2229 | D:2      | Reached skill level 1 in Evocations
  2685 | D:2      | Reached skill level 1 in Throwing
  2921 | D:3      | Found an ornate altar of the Wu Jian Council.
  3421 | D:3      | Slain by Sigmund

Illustrated notes

Levels and vault maps discovered:
D:1:      wander_arrival_chamber, layout_basic, basic_ecumenical_altar,
          minmay_tromino_i4
D:2:      layout_basic, basic_altar, minmay_misc_feat_nine_boxes
D:3:      layout_rooms, pdpol_wu_jian_five_deadly_venoms, okawaru_gym_becter,
          uniq_sigmund
D:4:      layout_cave_pools, grunt_temple_overflow_order_and_chaos_2,
          mainiacjoe_overflow_cross_hatched, serial_shops,
          kennysheep_little_box, serial_bayou, serial_bayou_pond_c,
          serial_bayou_shore_b, serial_bayou_ford_a, serial_bayou_crossing,
          kennysheep_cross_room, uniq_blork_the_orc, uniq_robin, uniq_natasha
D:5:      layout_basic, mainiacjoe_overflow_alcove_1, serial_rivers,
          chequers_serial_rivers_large_b, chequers_serial_rivers_micro_e,
          chequers_serial_rivers_marsh, chequers_serial_rivers_room_a,
          chequers_serial_rivers_micro_c, enter_ossuary_2

Skill      XL: |  1  2  3  4 |
---------------+-------------+-----
Dodging        | 2 |  2.3
Axes           | 2 |  2.2
Armour         | 1 |  1.1
Stealth        | 5 |  5.1
Evocations     | 1 |  1.1
Throwing       | 1 |  1.0
Fighting       | |  3.4

Action                   |  1- 3 |  4- 6 || total
-------------------------+-------+-------++-------
Melee: Flail             |   109 |     5 ||   114
       Hand axe          |     7 |       ||     7
       Tailslap          |    11 |     3 ||    14
       Halberd           |       |    19 ||    19
 Fire: Sling             |       |    53 ||    53
Throw: Dart              |     9 |    13 ||    22
  Use: Potion            |     2 |     2 ||     4
 Stab: Sleeping          |     5 |     3 ||     8
       Distracted        |       |     1 ||     1
Armor: Leather armour    |    40 |    15 ||    55
Dodge: Dodged            |   124 |    37 ||   161
